Capitals vs Sabres

Created - 14 décembre 2017 at 22:39

Goals
1 2 3 OT1 T
Capitals 2 1 0 1 4
Sabres 2 1 0 0 3
Shots
1 2 3 OT1 T
Capitals 6 9 2 6 23
Sabres 11 7 8 2 28

1st period

1. Sabres , Patrick Eaves 9 (Jean-Gabriel Pageau 21) at 6:22
2. Capitals , Viktor Stalberg 1 (Jack Johnson 8, Ryan McDonagh 19) at 9:53
3. Capitals , Ryan Kesler 12 (Alexander Ovechkin 14, Ryan McDonagh 20) at 13:31 (PP)
4. Sabres , Nino Niederreiter 14 (Brandon Saad 20, Kyle Turris 25) at 13:55

Penalties :
Rasmus Ristolainen (BUF) for Hooking (Minor) at 12:53

2nd period

5. Sabres , Josh Bailey 4 (Anders Lee 8, Ryan Nugent-Hopkins 13) at 5:44 (PP)
6. Capitals , Alexander Ovechkin 18 (Ryan Kesler 29, Ryan McDonagh 21) at 8:00 (PP)

Penalties :
Mathew Dumba (BUF) for Holding (Minor) at 1:15, Alexander Ovechkin (WSH) for Roughing (Minor) at 5:26, Tyler Myers (BUF) for Tripping (Minor) at 7:40

3rd period

No Goal

Penalties :
Ryan McDonagh (WSH) for Boarding (Minor) at 10:45, Viktor Stalberg (WSH) for Tripping (Minor) at 18:25

Overtime #1

7. Capitals , Jack Johnson 6 (Ryan Kesler 30, Derek Dorsett 3) at 3:47

Penalties :
No Penalty

Goalie Stats

Cam Ward (WSH), 25 saves from 28 shots - (0.893), W, 18-10-4, 63:48 minutes
Thomas Greiss (BUF), 19 saves from 23 shots - (0.826), OTL, 17-9-3, 63:48 minutes

Players Stats for Capitals

Player Name              G  A  P  +/- PIM S  H  SB GA TA FO     MP     PP MP  PK MP  
------------------------------------------------------------------------------------
Alexander Ovechkin       1  1  2   0  2   1  1  0  0  0  0/0    24:04   1:53   0:50 
Andrew Desjardins        0  0  0  -1  0   2  0  0  0  0  1/2    17:44   0:00   1:25 
Calvin de Haan           0  0  0  -1  0   0  0  0  0  0  0/0    19:38   0:59   1:52 
Cody Eakin               0  0  0   0  0   4  0  0  0  0  6/10   20:56   1:04   2:43 
David Desharnais         0  0  0  -1  0   1  0  0  0  0  3/3    17:11   1:04   0:18 
Derek Dorsett            0  1  1   1  0   0  0  0  0  0  0/0     7:26   0:00   0:00 
Dmitri Orlov             0  0  0  -1  0   0  1  0  0  0  0/0    13:51   0:00   0:00 
Jack Johnson             1  1  2   2  0   3  1  0  0  0  0/0    22:56   1:58   2:25 
Lukas Sedlak             0  0  0   0  0   0  0  0  0  0  6/10   13:26   0:00   0:00 
Mike Blunden             0  0  0   0  0   0  0  0  0  0  0/0     0:00   0:00   0:00 
Mike Green               0  0  0  -1  0   2  0  0  0  0  0/0    20:00   0:59   1:43 
Morgan Rielly            0  0  0  -1  0   0  1  1  0  0  0/0    15:02   0:00   1:11 
Ryan Kesler              1  2  3   1  0   4  2  0  0  0  22/38  29:23   1:53   2:24 
Ryan McDonagh            0  3  3   1  2   1  1  1  0  0  0/0    27:21   1:58   1:21 
Ryan Murphy              0  0  0   0  0   0  0  0  0  0  0/0     5:24   0:00   0:00 
Sergey Kalinin           0  0  0  -1  0   2  2  0  0  0  10/15  15:49   0:00   0:00 
Taylor Hall              0  0  0   0  0   2  1  0  0  0  0/3    23:34   1:53   0:27 
Viktor Stalberg          1  0  1   0  2   1  0  0  0  0  1/1    13:45   1:04   0:00 

Players Stats for Sabres

Player Name              G  A  P  +/- PIM S  H  SB GA TA FO     MP     PP MP  PK MP  
------------------------------------------------------------------------------------
Anders Lee               0  1  1   0  0   1  2  0  0  0  0/2    16:59   1:50   0:00 
Brandon Saad             0  1  1   0  0   7  0  0  0  0  1/1    22:30   2:01   0:41 
Brett Connolly           0  0  0   0  0   1  2  0  0  0  0/0     7:56   0:00   0:00 
Dan Girardi              0  0  0   1  0   0  3  2  0  0  0/0    22:20   0:00   1:18 
Jake McCabe              0  0  0   0  0   0  0  1  0  0  0/0    19:58   0:00   1:00 
Jason Zucker             0  0  0   0  0   0  3  0  0  0  0/1    13:19   0:00   0:00 
Jean-Gabriel Pageau      0  1  1   0  0   2  1  0  0  0  11/19  15:22   0:00   1:15 
Josh Bailey              1  0  1   0  0   3  1  0  0  0  0/2    17:29   1:50   1:01 
Kyle Turris              0  1  1   0  0   2  2  0  0  0  14/28  21:49   2:01   0:00 
Markus Hannikainen       0  0  0   0  0   0  0  0  0  0  0/0     7:56   0:00   0:00 
Mathew Dumba             0  0  0   0  2   1  0  2  0  0  0/0    19:55   2:25   0:12 
Nino Niederreiter        1  0  1   1  0   4  3  0  0  0  0/0    20:08   2:01   0:00 
Patrick Eaves            1  0  1   0  0   3  0  0  0  0  0/1    13:19   0:00   0:00 
Rasmus Ristolainen       0  0  0   0  2   1  2  1  0  0  0/0    26:12   2:25   1:27 
Ryan Murray              0  0  0   0  0   1  2  1  0  0  0/0    16:43   1:26   0:20 
Ryan Nugent-Hopkins      0  1  1   0  0   0  0  0  0  0  6/20   17:40   1:50   0:41 
Tyler Myers              0  0  0   0  2   1  5  1  0  0  0/0    19:02   1:26   1:37 
Zach Hyman               0  0  0   0  0   1  0  0  0  0  1/8    10:12   0:00   2:16 

3 Stars

1 - Ryan Kesler (WSH)
2 - Jack Johnson (WSH)
3 - Nino Niederreiter (BUF)

Power Play

Capitals - 2 on 3 Attempt(s) - 66.67%
Sabres - 1 on 3 Attempt(s) - 33.33%

Penalty Kill

Capitals - 2 on 3 Attempt(s) - 66.67% - Score 0 goal in Penalty Kill
Sabres - 1 on 3 Attempt(s) - 33.33% - Score 0 goal in Penalty Kill

Team Stat

Capitals - Hits : 10 - Faceoff Wins : 49 - Blocked Shots : 2 - Penalty Minutes : 6
Sabres - Hits : 26 - Faceoff Wins : 33 - Blocked Shots : 8 - Penalty Minutes : 6

Official

Referees : Francois StLaurent and Steve Kozari
Linesman : Pierre Racicot and Michel Cormier

Game Notes

No Game Note

Finance

Level 1 -- Attendance: 5940 (91.38%) -- Ticket Income 594 000 $
Level 2 -- Attendance: 4942 (98.84%) -- Ticket Income 370 650 $
Level 3 -- Attendance: 3500 (100.00%) -- Ticket Income 175 000 $
Level 4 -- Attendance: 2717 (88.50%) -- Ticket Income 67 925 $
Luxury Box -- Attendance: 691 (69.10%) -- Ticket Income 172 750 $
Game was played at the First Niagara Center.
Total Attendance: 17790 (93.29%)
Total Ticket Income: 1 380 325 $
Other Income: 207 049 $
Total Income: 1 587 374 $

% Time on Ice - Capitals

Lines # - Real PCT - Wanted PCT - Time Play
Normal Forward
1 - 35% - 40% - 18:48
2 - 30% - 30% - 15:46
3 - 24% - 20% - 12:42
4 - 11% - 10% - 5:56
Normal Defense
1 - 32% - 40% - 17:10
2 - 32% - 30% - 16:47
3 - 26% - 20% - 13:51
4 - 10% - 10% - 5:24
PP Forward
1 - 64% - 60% - 1:53
2 - 36% - 40% - 1:04
PP Defense
1 - 67% - 60% - 1:58
2 - 33% - 40% - 0:59
PK Forward
1 - 88% - 60% - 3:24
2 - 12% - 40% - 0:27
PK Defense
1 - 78% - 60% - 3:00
2 - 22% - 40% - 0:51
PK3 Forward
1 - 100% - 60% - 0:25
2 - 0% - 40% - 0:00
PK3 Defense
1 - 20% - 60% - 0:05
2 - 80% - 40% - 0:20
44 Forward
1 - 0% - 60%
2 - 0% - 40%
44 Defense
1 - 0% - 60%
2 - 0% - 40%
Last Minute Offensive  - 0:00
Last Minute Defensive  - 0:00
Total
Forward - 60:25
Defense - 60:25

% Time on Ice - Sabres

Lines # - Real PCT - Wanted PCT - Time Play
Normal Forward
1 - 33% - 40% - 17:19
2 - 28% - 30% - 14:38
3 - 25% - 25% - 13:19
4 - 15% - 5% - 7:56
Normal Defense
1 - 36% - 40% - 19:07
2 - 33% - 30% - 17:19
3 - 28% - 20% - 14:48
4 - 4% - 10% - 1:58
PP Forward
1 - 52% - 60% - 2:01
2 - 48% - 40% - 1:50
PP Defense
1 - 63% - 60% - 2:25
2 - 37% - 40% - 1:26
PK Forward
1 - 77% - 60% - 2:16
2 - 23% - 40% - 0:41
PK Defense
1 - 34% - 60% - 1:00
2 - 66% - 40% - 1:57
PK3 Forward
1 - 0% - 60%
2 - 0% - 40%
PK3 Defense
1 - 0% - 60%
2 - 0% - 40%
44 Forward
1 - 100% - 60% - 0:25
2 - 0% - 40% - 0:00
44 Defense
1 - 100% - 60% - 0:25
2 - 0% - 40% - 0:00
Last Minute Offensive  - 0:00
Last Minute Defensive  - 0:00
Total
Forward - 60:25
Defense - 60:25

Play by Play

1st period


0:01 of 1st period - Ryan Kesler wins face-off versus Kyle Turris in neutral zone.
0:24 of 1st period - Shot by Taylor Hall.
0:24 of 1st period - Shot Blocked by Rasmus Ristolainen.
1:55 of 1st period - Mike Green is hit by Tyler Myers and loses puck.
2:54 of 1st period - Shot by Brett Connolly.
2:54 of 1st period - Deflect By Zach Hyman.
2:54 of 1st period - Stopped by Cam Ward without a rebound.
2:55 of 1st period - Kyle Turris wins face-off versus Ryan Kesler in Capitals zone.
3:16 of 1st period - Shot by Kyle Turris.
3:16 of 1st period - Shot Misses the Net.
3:18 of 1st period - Shot by Mathew Dumba.
3:18 of 1st period - Shot Misses the Net.
3:20 of 1st period - Shot by Brandon Saad.
3:20 of 1st period - Stopped by Cam Ward without a rebound.
3:21 of 1st period - Cody Eakin wins face-off versus Ryan Nugent-Hopkins in Capitals zone.
5:43 of 1st period - Icing by Josh Bailey.
5:44 of 1st period - Ryan Nugent-Hopkins wins face-off versus Sergey Kalinin in Sabres zone.
5:44 of 1st period - Ryan Nugent-Hopkins is hit by Sergey Kalinin.
6:16 of 1st period - Shot by Nino Niederreiter.
6:16 of 1st period - Stopped by Cam Ward without a rebound.
6:17 of 1st period - Cody Eakin wins face-off versus Jean-Gabriel Pageau in Capitals zone.
6:17 of 1st period - Calvin de Haan is hit by Jason Zucker and loses puck.
6:22 of 1st period - Shot by Patrick Eaves.
6:22 of 1st period - Goal by Patrick Eaves - Capitals : 0 - Sabres : 1.
6:23 of 1st period - Jean-Gabriel Pageau wins face-off versus Ryan Kesler in neutral zone.
6:23 of 1st period - Jean-Gabriel Pageau is hit by Ryan Kesler.
6:43 of 1st period - Icing by Patrick Eaves.
6:44 of 1st period - Lukas Sedlak wins face-off versus Patrick Eaves in Sabres zone.
6:50 of 1st period - Icing by Jake McCabe.
6:51 of 1st period - Cody Eakin wins face-off versus Jean-Gabriel Pageau in Sabres zone.
8:05 of 1st period - David Desharnais is hit by Ryan Murray and loses puck.
8:11 of 1st period - Sergey Kalinin is hit by Ryan Murray and loses puck.
8:16 of 1st period - Shot by Andrew Desjardins.
8:16 of 1st period - Stopped by Thomas Greiss without a rebound.
8:17 of 1st period - Ryan Kesler wins face-off versus Zach Hyman in Sabres zone.
8:47 of 1st period - Shot by Taylor Hall.
8:47 of 1st period - Stopped by Thomas Greiss without a rebound.
8:48 of 1st period - Kyle Turris wins face-off versus Andrew Desjardins in Sabres zone.
8:52 of 1st period - Icing by Jake McCabe.
8:53 of 1st period - Sergey Kalinin wins face-off versus Kyle Turris in Sabres zone.
9:27 of 1st period - Icing by Jake McCabe.
9:28 of 1st period - Kyle Turris wins face-off versus Lukas Sedlak in Sabres zone.
9:53 of 1st period - Shot by Viktor Stalberg.
9:53 of 1st period - Goal by Viktor Stalberg - Capitals : 1 - Sabres : 1.
9:54 of 1st period - Ryan Kesler wins face-off versus Ryan Nugent-Hopkins in neutral zone.
12:53 of 1st period - Minor Penalty to Rasmus Ristolainen for Hooking.
12:54 of 1st period - Ryan Kesler wins face-off versus Josh Bailey in Sabres zone.
12:59 of 1st period - Shot by Ryan Kesler.
12:59 of 1st period - Deflect By Taylor Hall.
12:59 of 1st period - Shot Misses the Net.
13:01 of 1st period - Shot by Jack Johnson.
13:01 of 1st period - Shot Misses the Net.
13:03 of 1st period - Shot by Jack Johnson.
13:03 of 1st period - Stopped by Thomas Greiss without a rebound.
13:04 of 1st period - Ryan Kesler wins face-off versus Jean-Gabriel Pageau in Sabres zone.
13:31 of 1st period - Shot by Ryan Kesler.
13:31 of 1st period - Goal by Ryan Kesler - Capitals : 2 - Sabres : 1.
13:32 of 1st period - Sergey Kalinin wins face-off versus Kyle Turris in neutral zone.
13:41 of 1st period - Shot by Nino Niederreiter.
13:41 of 1st period - Shot Misses the Net.
13:55 of 1st period - Shot by Nino Niederreiter.
13:55 of 1st period - Goal by Nino Niederreiter - Capitals : 2 - Sabres : 2.
13:56 of 1st period - Ryan Kesler wins face-off versus Anders Lee in neutral zone.
14:21 of 1st period - Shot by Anders Lee.
14:21 of 1st period - Stopped by Cam Ward without a rebound.
14:22 of 1st period - Jean-Gabriel Pageau wins face-off versus Sergey Kalinin in Capitals zone.
14:27 of 1st period - Shot by Ryan Murray.
14:27 of 1st period - Deflect By Patrick Eaves.
14:27 of 1st period - Stopped by Cam Ward without a rebound.
14:28 of 1st period - Kyle Turris wins face-off versus Cody Eakin in Capitals zone.
14:34 of 1st period - Icing by Ryan McDonagh.
14:35 of 1st period - Kyle Turris wins face-off versus Cody Eakin in Capitals zone.
14:38 of 1st period - Shot by Nino Niederreiter.
14:38 of 1st period - Stopped by Cam Ward without a rebound.
14:39 of 1st period - Ryan Kesler wins face-off versus Kyle Turris in Capitals zone.
14:39 of 1st period - Ryan Kesler is hit by Kyle Turris.
14:53 of 1st period - Icing by Kyle Turris.
14:54 of 1st period - Sergey Kalinin wins face-off versus Kyle Turris in Sabres zone.
15:15 of 1st period - Shot by Sergey Kalinin.
15:15 of 1st period - Stopped by Thomas Greiss without a rebound.
15:16 of 1st period - Ryan Kesler wins face-off versus Jason Zucker in Sabres zone.
15:31 of 1st period - Alexander Ovechkin is hit by Jean-Gabriel Pageau and loses puck.
15:55 of 1st period - Off-side.
15:56 of 1st period - David Desharnais wins face-off versus Kyle Turris in neutral zone.
16:26 of 1st period - Shot by Sergey Kalinin.
16:26 of 1st period - Shot Blocked by Dan Girardi.
17:01 of 1st period - Shot by Ryan Nugent-Hopkins.
17:01 of 1st period - Shot Misses the Net.
17:03 of 1st period - Shot by Ryan Murray.
17:03 of 1st period - Stopped by Cam Ward without a rebound.
17:04 of 1st period - Zach Hyman wins face-off versus Ryan Kesler in Capitals zone.
17:05 of 1st period - Shot by Brett Connolly.
17:05 of 1st period - Stopped by Cam Ward with a rebound.
18:06 of 1st period - Cody Eakin is hit by Tyler Myers and loses puck.
18:23 of 1st period - Shot by Anders Lee.
18:23 of 1st period - Deflect By Ryan Nugent-Hopkins.
18:23 of 1st period - Shot Misses the Net.
18:25 of 1st period - Shot by Josh Bailey.
18:25 of 1st period - Shot Blocked by Morgan Rielly.
18:40 of 1st period - Viktor Stalberg is hit by Josh Bailey and loses puck.
18:50 of 1st period - Icing by Morgan Rielly.
18:51 of 1st period - Kyle Turris wins face-off versus Lukas Sedlak in Capitals zone.
19:25 of 1st period - Kyle Turris is hit by Morgan Rielly and loses puck.
19:28 of 1st period - Shot by Brandon Saad.
19:28 of 1st period - Stopped by Cam Ward with a rebound.
19:50 of 1st period - Off-side.
19:51 of 1st period - Ryan Kesler wins face-off versus Ryan Nugent-Hopkins in neutral zone.
19:55 of 1st period - Alexander Ovechkin is hit by Tyler Myers and loses puck.
Goals for this period are 2 for Capitals vs 2 for Sabres.
Shots for this period are 6 for Capitals vs 11 for Sabres.

2nd period


0:01 of 2nd period - Kyle Turris wins face-off versus Ryan Kesler in neutral zone.
0:16 of 2nd period - Shot by Alexander Ovechkin.
0:16 of 2nd period - Shot Misses the Net.
0:18 of 2nd period - Shot by Jack Johnson.
0:18 of 2nd period - Stopped by Thomas Greiss without a rebound.
0:19 of 2nd period - Sergey Kalinin wins face-off versus Jean-Gabriel Pageau in Sabres zone.
0:22 of 2nd period - Shot by David Desharnais.
0:22 of 2nd period - Shot Misses the Net.
0:41 of 2nd period - Mike Green is hit by Jason Zucker and loses puck.
0:53 of 2nd period - Icing by Jean-Gabriel Pageau.
0:54 of 2nd period - Jean-Gabriel Pageau wins face-off versus Ryan Kesler in Sabres zone.
1:15 of 2nd period - Minor Penalty to Mathew Dumba for Holding.
1:16 of 2nd period - David Desharnais wins face-off versus Josh Bailey in Sabres zone.
1:42 of 2nd period - Shot by Ryan McDonagh.
1:42 of 2nd period - Shot Blocked by Tyler Myers.
2:07 of 2nd period - Shot by Mike Green.
2:07 of 2nd period - Stopped by Thomas Greiss without a rebound.
2:08 of 2nd period - Jean-Gabriel Pageau wins face-off versus Ryan Kesler in Sabres zone.
2:19 of 2nd period - Dan Girardi is hit by Taylor Hall and loses puck.
2:32 of 2nd period - Shot by Mike Green.
2:32 of 2nd period - Shot Misses the Net.
2:34 of 2nd period - Shot by Mike Green.
2:34 of 2nd period - Shot Misses the Net.
3:09 of 2nd period - Shot by Cody Eakin.
3:09 of 2nd period - Deflect By Viktor Stalberg.
3:09 of 2nd period - Shot Misses the Net.
3:16 of 2nd period - Icing by Ryan McDonagh.
3:17 of 2nd period - Sergey Kalinin wins face-off versus Ryan Nugent-Hopkins in Capitals zone.
3:17 of 2nd period - Sergey Kalinin is hit by Anders Lee.
3:32 of 2nd period - Shot by Sergey Kalinin.
3:32 of 2nd period - Shot Misses the Net.
3:34 of 2nd period - Shot by Morgan Rielly.
3:34 of 2nd period - Shot Misses the Net.
4:04 of 2nd period - Shot by Cody Eakin.
4:04 of 2nd period - Stopped by Thomas Greiss without a rebound.
4:05 of 2nd period - Brandon Saad wins face-off versus Ryan Kesler in Sabres zone.
4:13 of 2nd period - Icing by Cody Eakin.
4:14 of 2nd period - Kyle Turris wins face-off versus Cody Eakin in Capitals zone.
4:25 of 2nd period - Shot by Ryan Kesler.
4:25 of 2nd period - Stopped by Thomas Greiss without a rebound.
4:26 of 2nd period - Lukas Sedlak wins face-off versus Jean-Gabriel Pageau in Sabres zone.
4:45 of 2nd period - Shot by Jean-Gabriel Pageau.
4:45 of 2nd period - Stopped by Cam Ward with a rebound.
4:47 of 2nd period - Shot by Jean-Gabriel Pageau.
4:47 of 2nd period - Shot Misses the Net.
5:24 of 2nd period - Icing by Brandon Saad.
5:25 of 2nd period - Kyle Turris wins face-off versus Ryan Kesler in Sabres zone.
5:25 of 2nd period - Kyle Turris is hit by Alexander Ovechkin.
5:26 of 2nd period - Minor Penalty to Alexander Ovechkin for Roughing.
5:27 of 2nd period - Ryan Nugent-Hopkins wins face-off versus Ryan Kesler in Capitals zone.
5:44 of 2nd period - Shot by Josh Bailey.
5:44 of 2nd period - Goal by Josh Bailey - Capitals : 2 - Sabres : 3.
5:45 of 2nd period - Ryan Kesler wins face-off versus Kyle Turris in neutral zone.
6:01 of 2nd period - Brandon Saad is hit by Dmitri Orlov and loses puck.
7:01 of 2nd period - Icing by Sergey Kalinin.
7:02 of 2nd period - Ryan Nugent-Hopkins wins face-off versus Sergey Kalinin in Capitals zone.
7:03 of 2nd period - Shot by Josh Bailey.
7:03 of 2nd period - Stopped by Cam Ward without a rebound.
7:04 of 2nd period - Viktor Stalberg wins face-off versus Ryan Nugent-Hopkins in Capitals zone.
7:09 of 2nd period - Shot by Lukas Sedlak.
7:09 of 2nd period - Shot Misses the Net.
7:11 of 2nd period - Shot by Lukas Sedlak.
7:11 of 2nd period - Shot Misses the Net.
7:13 of 2nd period - Shot by Calvin de Haan.
7:13 of 2nd period - Shot Misses the Net.
7:15 of 2nd period - Shot by Calvin de Haan.
7:15 of 2nd period - Shot Misses the Net.
7:23 of 2nd period - Shot by Cody Eakin.
7:23 of 2nd period - Stopped by Thomas Greiss without a rebound.
7:24 of 2nd period - Ryan Kesler wins face-off versus Jean-Gabriel Pageau in Sabres zone.
7:24 of 2nd period - Ryan McDonagh is hit by Tyler Myers and loses puck.
7:40 of 2nd period - Minor Penalty to Tyler Myers for Tripping.
7:41 of 2nd period - David Desharnais wins face-off versus Jean-Gabriel Pageau in Sabres zone.
7:42 of 2nd period - Shot by Mike Green.
7:42 of 2nd period - Stopped by Thomas Greiss without a rebound.
7:43 of 2nd period - Jean-Gabriel Pageau wins face-off versus Ryan Kesler in Sabres zone.
8:00 of 2nd period - Shot by Alexander Ovechkin.
8:00 of 2nd period - Goal by Alexander Ovechkin - Capitals : 3 - Sabres : 3.
8:01 of 2nd period - Ryan Nugent-Hopkins wins face-off versus Sergey Kalinin in neutral zone.
8:22 of 2nd period - Shot by Mathew Dumba.
8:22 of 2nd period - Stopped by Cam Ward without a rebound.
8:23 of 2nd period - Kyle Turris wins face-off versus Taylor Hall in Capitals zone.
8:33 of 2nd period - Icing by Jack Johnson.
8:34 of 2nd period - Jean-Gabriel Pageau wins face-off versus Ryan Kesler in Capitals zone.
8:35 of 2nd period - Shot by Jason Zucker.
8:35 of 2nd period - Shot Misses the Net.
8:58 of 2nd period - Shot by Alexander Ovechkin.
8:58 of 2nd period - Shot Misses the Net.
9:00 of 2nd period - Shot by Ryan McDonagh.
9:00 of 2nd period - Stopped by Thomas Greiss with a rebound.
9:02 of 2nd period - Shot by Jack Johnson.
9:02 of 2nd period - Shot Misses the Net.
9:50 of 2nd period - Brandon Saad is hit by Sergey Kalinin and loses puck.
11:03 of 2nd period - Shot by Alexander Ovechkin.
11:03 of 2nd period - Shot Misses the Net.
11:07 of 2nd period - Shot by Ryan McDonagh.
11:07 of 2nd period - Shot Blocked by Ryan Murray.
11:15 of 2nd period - Shot by Ryan McDonagh.
11:15 of 2nd period - Shot Misses the Net.
11:27 of 2nd period - Shot by David Desharnais.
11:27 of 2nd period - Stopped by Thomas Greiss without a rebound.
11:28 of 2nd period - Cody Eakin wins face-off versus Anders Lee in Sabres zone.
11:53 of 2nd period - Shot by Josh Bailey.
11:53 of 2nd period - Stopped by Cam Ward with a rebound.
13:13 of 2nd period - Alexander Ovechkin is hit by Jason Zucker and loses puck.
14:30 of 2nd period - Shot by Zach Hyman.
14:30 of 2nd period - Shot Blocked by Ryan McDonagh.
14:37 of 2nd period - Icing by Ryan McDonagh.
14:38 of 2nd period - Sergey Kalinin wins face-off versus Ryan Nugent-Hopkins in Capitals zone.
15:39 of 2nd period - Off-side.
15:40 of 2nd period - Lukas Sedlak wins face-off versus Zach Hyman in neutral zone.
16:51 of 2nd period - Icing by Mike Green.
16:52 of 2nd period - Ryan Kesler wins face-off versus Ryan Nugent-Hopkins in Capitals zone.
17:37 of 2nd period - Icing by Morgan Rielly.
17:38 of 2nd period - Kyle Turris wins face-off versus Lukas Sedlak in Capitals zone.
17:41 of 2nd period - Shot by Nino Niederreiter.
17:41 of 2nd period - Shot Misses the Net.
17:43 of 2nd period - Shot by Brandon Saad.
17:43 of 2nd period - Stopped by Cam Ward without a rebound.
17:44 of 2nd period - Kyle Turris wins face-off versus Cody Eakin in Capitals zone.
17:50 of 2nd period - Kyle Turris is hit by Ryan McDonagh.
17:56 of 2nd period - Shot by Nino Niederreiter.
17:56 of 2nd period - Shot Misses the Net.
18:16 of 2nd period - Shot by Nino Niederreiter.
18:16 of 2nd period - Stopped by Cam Ward without a rebound.
18:17 of 2nd period - Jean-Gabriel Pageau wins face-off versus Lukas Sedlak in Capitals zone.
18:38 of 2nd period - Icing by Tyler Myers.
18:39 of 2nd period - Jean-Gabriel Pageau wins face-off versus Ryan Kesler in Sabres zone.
19:13 of 2nd period - Icing by Calvin de Haan.
19:14 of 2nd period - Ryan Kesler wins face-off versus Kyle Turris in Capitals zone.
19:14 of 2nd period - Ryan Kesler is hit by Kyle Turris.
Goals for this period are 1 for Capitals vs 1 for Sabres.
Shots for this period are 9 for Capitals vs 7 for Sabres.

3rd period


0:01 of 3rd period - Ryan Kesler wins face-off versus Kyle Turris in neutral zone.
0:01 of 3rd period - Ryan McDonagh is hit by Nino Niederreiter and loses puck.
0:17 of 3rd period - Ryan Kesler is hit by Dan Girardi.
0:20 of 3rd period - Taylor Hall is hit by Dan Girardi and loses puck.
0:33 of 3rd period - Icing by Ryan McDonagh.
0:34 of 3rd period - Ryan Kesler wins face-off versus Ryan Nugent-Hopkins in Capitals zone.
1:59 of 3rd period - Icing by Ryan McDonagh.
2:00 of 3rd period - Kyle Turris wins face-off versus Ryan Kesler in Capitals zone.
2:26 of 3rd period - Shot by Brandon Saad.
2:26 of 3rd period - Stopped by Cam Ward without a rebound.
2:27 of 3rd period - Sergey Kalinin wins face-off versus Ryan Nugent-Hopkins in Capitals zone.
2:47 of 3rd period - Shot by David Desharnais.
2:47 of 3rd period - Shot Blocked by Mathew Dumba.
2:49 of 3rd period - Shot by Andrew Desjardins.
2:49 of 3rd period - Stopped by Thomas Greiss with a rebound.
2:51 of 3rd period - Shot by Sergey Kalinin.
2:51 of 3rd period - Shot Blocked by Jake McCabe.
2:53 of 3rd period - Shot by David Desharnais.
2:53 of 3rd period - Shot Misses the Net.
2:55 of 3rd period - Shot by Calvin de Haan.
2:55 of 3rd period - Shot Misses the Net.
3:22 of 3rd period - Cody Eakin is hit by Rasmus Ristolainen and loses puck.
4:17 of 3rd period - Shot by Kyle Turris.
4:17 of 3rd period - Shot Misses the Net.
4:21 of 3rd period - Shot by Tyler Myers.
4:21 of 3rd period - Stopped by Cam Ward without a rebound.
4:22 of 3rd period - Cody Eakin wins face-off versus Zach Hyman in Capitals zone.
5:47 of 3rd period - Shot by David Desharnais.
5:47 of 3rd period - Shot Blocked by Mathew Dumba.
5:49 of 3rd period - Shot by Sergey Kalinin.
5:49 of 3rd period - Stopped by Thomas Greiss without a rebound.
5:50 of 3rd period - Cody Eakin wins face-off versus Kyle Turris in Sabres zone.
6:00 of 3rd period - Icing by Morgan Rielly.
6:01 of 3rd period - Ryan Kesler wins face-off versus Ryan Nugent-Hopkins in Capitals zone.
6:01 of 3rd period - Ryan Kesler is hit by Anders Lee.
6:11 of 3rd period - Icing by Ryan Nugent-Hopkins.
6:12 of 3rd period - Ryan Nugent-Hopkins wins face-off versus Ryan Kesler in Sabres zone.
6:12 of 3rd period - Ryan Nugent-Hopkins is hit by Ryan Kesler.
6:19 of 3rd period - Alexander Ovechkin is hit by Rasmus Ristolainen and loses puck.
6:35 of 3rd period - Ryan Kesler is hit by Dan Girardi and loses puck.
8:19 of 3rd period - Icing by Morgan Rielly.
8:20 of 3rd period - Sergey Kalinin wins face-off versus Ryan Nugent-Hopkins in Capitals zone.
9:18 of 3rd period - Shot by Kyle Turris.
9:18 of 3rd period - Stopped by Cam Ward without a rebound.
9:19 of 3rd period - Lukas Sedlak wins face-off versus Zach Hyman in Capitals zone.
9:19 of 3rd period - Lukas Sedlak is hit by Brett Connolly.
10:23 of 3rd period - Shot by Brandon Saad.
10:23 of 3rd period - Stopped by Cam Ward with a rebound.
10:25 of 3rd period - Shot by Rasmus Ristolainen.
10:25 of 3rd period - Stopped by Cam Ward without a rebound.
10:26 of 3rd period - Jean-Gabriel Pageau wins face-off versus Ryan Kesler in Capitals zone.
10:26 of 3rd period - Jean-Gabriel Pageau is hit by Jack Johnson.
10:32 of 3rd period - Shot by Jean-Gabriel Pageau.
10:32 of 3rd period - Shot Misses the Net.
10:45 of 3rd period - Minor Penalty to Ryan McDonagh for Boarding.
10:46 of 3rd period - Andrew Desjardins wins face-off versus Kyle Turris in Capitals zone.
11:37 of 3rd period - Jack Johnson is hit by Nino Niederreiter.
12:07 of 3rd period - Alexander Ovechkin is hit by Nino Niederreiter and loses puck.
12:28 of 3rd period - Shot by Ryan Nugent-Hopkins.
12:28 of 3rd period - Deflect By Anders Lee.
12:28 of 3rd period - Shot Misses the Net.
13:32 of 3rd period - Icing by Dan Girardi.
13:33 of 3rd period - Lukas Sedlak wins face-off versus Zach Hyman in Sabres zone.
14:04 of 3rd period - Shot by Ryan Kesler.
14:04 of 3rd period - Shot Blocked by Dan Girardi.
14:11 of 3rd period - Icing by Jake McCabe.
14:12 of 3rd period - Sergey Kalinin wins face-off versus Zach Hyman in Sabres zone.
15:03 of 3rd period - Shot by Ryan Kesler.
15:03 of 3rd period - Shot Misses the Net.
15:24 of 3rd period - Icing by Ryan Murray.
15:25 of 3rd period - Lukas Sedlak wins face-off versus Ryan Nugent-Hopkins in Sabres zone.
16:24 of 3rd period - Shot by Brandon Saad.
16:24 of 3rd period - Stopped by Cam Ward without a rebound.
16:25 of 3rd period - Sergey Kalinin wins face-off versus Jean-Gabriel Pageau in Capitals zone.
16:27 of 3rd period - Icing by Dmitri Orlov.
16:28 of 3rd period - Jean-Gabriel Pageau wins face-off versus Sergey Kalinin in Capitals zone.
16:42 of 3rd period - Shot by Patrick Eaves.
16:42 of 3rd period - Stopped by Cam Ward without a rebound.
16:43 of 3rd period - Ryan Kesler wins face-off versus Zach Hyman in Capitals zone.
16:43 of 3rd period - Ryan Kesler is hit by Brett Connolly.
17:08 of 3rd period - Shot by Alexander Ovechkin.
17:08 of 3rd period - Shot Misses the Net.
17:10 of 3rd period - Shot by Ryan Kesler.
17:10 of 3rd period - Shot Misses the Net.
18:17 of 3rd period - Sergey Kalinin is hit by Tyler Myers and loses puck.
18:25 of 3rd period - Minor Penalty to Viktor Stalberg for Tripping.
18:26 of 3rd period - Ryan Kesler wins face-off versus Ryan Nugent-Hopkins in Capitals zone.
19:15 of 3rd period - Shot by Brandon Saad.
19:15 of 3rd period - Stopped by Cam Ward without a rebound.
19:16 of 3rd period - Ryan Kesler wins face-off versus Ryan Nugent-Hopkins in Capitals zone.
Goals for this period are 0 for Capitals vs 0 for Sabres.
Shots for this period are 2 for Capitals vs 8 for Sabres.

Overtime #1


0:01 of 1st overtime period - Ryan Kesler wins face-off versus Kyle Turris in neutral zone.
0:16 of 1st overtime period - Shot by Kyle Turris.
0:16 of 1st overtime period - Shot Misses the Net.
0:18 of 1st overtime period - Shot by Kyle Turris.
0:18 of 1st overtime period - Shot Misses the Net.
0:20 of 1st overtime period - Shot by Kyle Turris.
0:20 of 1st overtime period - Stopped by Cam Ward with a rebound.
0:28 of 1st overtime period - Shot by Jean-Gabriel Pageau.
0:28 of 1st overtime period - Stopped by Cam Ward without a rebound.
0:29 of 1st overtime period - Ryan Kesler wins face-off versus Kyle Turris in Capitals zone.
0:40 of 1st overtime period - Shot by Ryan Kesler.
0:40 of 1st overtime period - Shot Misses the Net.
0:47 of 1st overtime period - Icing by Kyle Turris.
0:48 of 1st overtime period - Ryan Kesler wins face-off versus Kyle Turris in Sabres zone.
0:59 of 1st overtime period - Shot by Taylor Hall.
0:59 of 1st overtime period - Stopped by Thomas Greiss without a rebound.
1:00 of 1st overtime period - Jean-Gabriel Pageau wins face-off versus Taylor Hall in Sabres zone.
2:20 of 1st overtime period - Shot by Ryan Kesler.
2:20 of 1st overtime period - Stopped by Thomas Greiss without a rebound.
2:21 of 1st overtime period - Ryan Nugent-Hopkins wins face-off versus Ryan Kesler in Sabres zone.
2:33 of 1st overtime period - Shot by Ryan Kesler.
2:33 of 1st overtime period - Deflect By Cody Eakin.
2:33 of 1st overtime period - Stopped by Thomas Greiss with a rebound.
2:49 of 1st overtime period - Shot by Ryan Kesler.
2:49 of 1st overtime period - Stopped by Thomas Greiss with a rebound.
2:51 of 1st overtime period - Shot by Cody Eakin.
2:51 of 1st overtime period - Stopped by Thomas Greiss without a rebound.
2:52 of 1st overtime period - Kyle Turris wins face-off versus Taylor Hall in Sabres zone.
3:45 of 1st overtime period - Shot by Ryan Kesler.
3:45 of 1st overtime period - Shot Misses the Net.
3:47 of 1st overtime period - Shot by Jack Johnson.
3:47 of 1st overtime period - Goal by Jack Johnson - Capitals : 4 - Sabres : 3.
Goals for this period are 1 for Capitals vs 0 for Sabres.
Shots for this period are 6 for Capitals vs 2 for Sabres.